 Dungeon Crawl Stone Soup version 0.28.0-43-g3370ac3207 (webtiles) character file.

Game seed: 11511522169879742230

1310 Iusername the Covered (level 8, -2/69 HPs)
             Began as a Minotaur Fighter on Apr 1, 2022.
             Was a Priest of Dithmenos.
             Slain by a yak (5 damage)
             ... on level 6 of the Dungeon.
             The game lasted 00:25:27 (6158 turns).

Iusername the Covered (Minotaur Fighter)            Turns: 6158, Time: 00:25:28

Health: -2/69      AC: 11    Str: 27      XL:     8   Next: 32%
Magic:  0/7        EV: 12    Int:  6 (7)  God:    Dithmenos [***...]
Gold:   672        SH:  5    Dex: 11 (12) Spells: 7/7 levels left

rFire   + . .      SeeInvis .   q - +6 mace
rCold   . . .      Faith    .   c - +0 buckler
rNeg    . . .      Spirit   +   e - +2 leather armour {rF+}
rPois   .          Reflect  .   (helmet restricted)
rElec   .          Harm     .   m - +0 cloak
rCorr   .          Rampage  .   o - +2 pair of gloves
Will    .....                   p - +0 pair of boots
Stlth   ++........              h - amulet of guardian spirit
HPRegen 0.21/turn               i - +6 ring of strength
MPRegen 0.10/turn               (no ring)

@: mighty, wreathed by umbra
A: horns 2, retaliatory headbutt, clever 1, MP-powered wands, sturdy frame 1
a: Renounce Religion, Shadow Step


You were on level 6 of the Dungeon.
You worshipped Dithmenos.
Dithmenos was most pleased with you.
You visited 1 branch of the dungeon, and saw 6 of its levels.

You collected 672 gold pieces.

Inventory:

Hand Weapons
 a - a +0 war axe
 j - a +0 dagger of speed
 l - a +3 quarterstaff of chaos
 n - a +1 mace of protection
 q - a +6 mace (weapon)
Armour
 b - a +0 scale mail
 c - a +0 buckler (worn)
 e - a +2 leather armour of fire resistance (worn)
 m - a +0 cloak (worn)
 o - a +2 pair of gloves (worn)
 p - a +0 pair of boots (worn)
Jewellery
 h - an amulet of guardian spirit (around neck)
 i - a +6 ring of strength (left hand)
Wands
 g - a wand of polymorph (10)
Potions
 f - a potion of brilliance
 k - a potion of magic
 w - a potion of attraction {unknown}
 z - a potion of curing {unknown}


   Skills:
 + Level 5.4 Fighting
 + Level 0.3 Short Blades
 + Level 4.5(5.2) Axes
 + Level 3.9(6.0) Maces & Flails
 + Level 5.3(5.9) Staves
 + Level 6.7 Armour
 + Level 2.7 Dodging
 + Level 1.9 Stealth
 + Level 4.8 Shields
 + Level 1.3 Unarmed Combat


You had 7 spell levels left.
You didn't know any spells.
Your spell library contained the following spells:

 Spells                   Type           Power      Damage    Failure   Level
 Animate Skeleton         Necr           0%         N/A       54%         1
 Apportation              Tloc           0%         N/A       54%         1
 Summon Small Mammal      Summ           0%         N/A       54%         1
 Ensorcelled Hibernation  Hex/Ice        0%         N/A       69%         2
 Passwall                 Tmut/Erth      0%         N/A       69%         2
 Swiftness                Air            0%         N/A       89%         3


Dungeon Overview and Level Annotations

Branches:
Dungeon (6/15)             Temple (0/1) D:4

Altars:
Dithmenos
Kikubaaqudgha
Vehumet

Shops:
D:2 *


Innate Abilities, Weirdness & Mutations

You have a pair of horns on your head.
You reflexively headbutt those who attack you in melee.
Your mind is acute. (Int +2)
You expend magic power (3 MP) to strengthen your wands.
Your movements are slightly less encumbered by armour. (ER -2)


Message History

The yak misses you. You block the yak's attack. The yak closely misses you.
You thump the gnoll!
You kill the gnoll!
Dithmenos accepts your kill.
The howler monkey skeleton hits you but does no damage.
The gnoll closely misses you. The yak barely misses you.
You block the yak's attack. The yak gores you but does no damage.
You barely miss the yak.
The yak is severely wounded.
The howler monkey skeleton hits you but does no damage.
The gnoll hits you but does no damage. The yak barely misses you.
The yak gores you but does no damage. The yak gores you.
* * * LOW HITPOINT WARNING * * *
The howler monkey skeleton hits you but does no damage.
You sock the yak!
You kill the yak!
Dithmenos accepts your kill. The gnoll completely misses you.
You block the yak's attack. x2
You block the howler monkey skeleton's attack.
You feel your intelligence returning. The yak gores you!
* * * LOW HITPOINT WARNING * * *
The howler monkey skeleton barely misses you.
You furiously retaliate!
You headbutt the howler monkey skeleton.
You block the gnoll's attack.
You see here a +0 flail.
You sock the howler monkey skeleton!
Your headbutt misses the howler monkey skeleton.
The howler monkey skeleton is severely damaged.
The yak barely misses you. x2; You furiously retaliate!
You headbutt the yak!!
The howler monkey skeleton hits you but does no damage.
The gnoll hits you but does no damage. The yak barely misses you.
The yak closely misses you.
You bludgeon the yak!!
The yak is heavily wounded.
The howler monkey skeleton hits you.
* * * LOW HITPOINT WARNING * * *
The gnoll hits you but does no damage. The yak gores you.
You die...

#.## . #.## #.# .#...#.
#.# ....... ##.#
...##.### ####..#
.##......# #.....#
.........### #.....#
.......YZ..#######.....#
#.gY@$.............#
....!..##.########.....#
.<........# #.....#
####.##.#.. #.>...#
#......$. #.....# .#..
....# #.....#
#.......... ####### ...
.......


You could see 2 yaks, a gnoll and a howler monkey skeleton.

Vanquished Creatures
  2 yaks (D:6)
  A water moccasin (D:5)
  A black bear (D:5)
  A sky beast (D:5)
  An ogre (D:5)
  A bullfrog (D:5)
  A water moccasin skeleton (D:6)
  3 hounds
  A bullfrog skeleton (D:3)
  A jelly (D:6)
  Ijyb (D:5)
  An orc priest (D:6)
  Crazy Yiuf (D:2)
  3 iguanas
  Robin (D:2)
  10 adders
  3 gnolls (D:6)
  A white imp (D:6)
  5 worms
  A dart slug (D:4)
  10 orcs
  5 bats
  8 endoplasms
  4 giant cockroaches
  12 goblins
  3 hobgoblins
  8 kobolds
  6 quokkas
  8 ball pythons
  3 frilled lizards
  7 rats
114 creatures vanquished.

Notes
Turn   | Place    | Note
-------+----------+-------------------------------------------
     0 | D:1      | Iusername the Minotaur Fighter began the quest for the Orb.
     0 | D:1      | Reached XP level 1. HP: 19/19 MP: 0/0
   208 | D:1      | Found a faded altar of an unknown god.
   227 | D:1      | Prayed at the altar of an unknown god.
   227 | D:1      | Became a worshipper of Dithmenos the Shadowed
   227 | D:1      | Reached * piety under Dithmenos
   542 | D:1      | Reached XP level 2. HP: 27/27 MP: 1/1
  1138 | D:2      | Found Kemal's General Store.
  1269 | D:2      | Found a radiant altar of Vehumet.
  1404 | D:2      | Reached XP level 3. HP: 30/33 MP: 2/2
  1465 | D:2      | Noticed Robin
  1473 | D:2      | Reached ** piety under Dithmenos
  1477 | D:2      | Killed Robin
  2118 | D:2      | Found a runed translucent door.
  2119 | D:2      | Noticed Crazy Yiuf
  2132 | D:2      | Killed Crazy Yiuf
  2133 | D:2      | Reached skill level 4 in Armour
  2133 | D:2      | Reached XP level 4. HP: 20/40 MP: 3/3
  2949 | D:3      | Reached XP level 5. HP: 47/47 MP: 4/4
  3150 | D:3      | Reached skill level 1 in Staves
  3829 | D:4      | Reached XP level 6. HP: 53/53 MP: 5/5
  3850 | D:4      | Reached skill level 5 in Armour
  3950 | D:4      | Found a staircase to the Ecumenical Temple.
  4061 | D:4      | Found an ancient bone altar of Kikubaaqudgha.
  4146 | D:4      | Reached *** piety under Dithmenos
  4219 | D:5      | Entered Level 5 of the Dungeon
  4219 | D:5      | Noticed a sky beast
  4243 | D:5      | Killed a sky beast
  4244 | D:5      | Reached skill level 1 in Dodging
  4244 | D:5      | HP: 2/53 [poisoned by an adder]
  4776 | D:5      | Reached XP level 7. HP: 51/60 MP: 6/6
  4859 | D:5      | Reached skill level 6 in Armour
  4859 | D:5      | Reached skill level 1 in Stealth
  4936 | D:5      | Reached skill level 5 in Fighting
  5075 | D:5      | Found a shadowy altar of Dithmenos.
  5091 | D:5      | Reached skill level 1 in Maces & Flails
  5091 | D:5      | Reached skill level 5 in Staves
  5441 | D:5      | Noticed Ijyb
  5448 | D:5      | Gained mutation: Your mind is acute. (Int +2) [potion of
                  | mutation]
  5448 | D:5      | Gained mutation: You expend magic power (3 MP) to
                  | strengthen your wands. [potion of mutation]
  5448 | D:5      | Gained mutation: Your movements are slightly less
                  | encumbered by armour. (ER -2) [potion of mutation]
  5456 | D:5      | Identified a scroll of acquirement
  5456 | D:5      | Acquired 426 gold pieces
  5458 | D:5      | Killed Ijyb
  5818 | D:6      | Reached skill level 1 in Unarmed Combat
  6111 | D:6      | Reached XP level 8. HP: 68/68 MP: 7/7
  6158 | D:6      | HP: 3/69 [howler monkey skeleton (4)]
  6158 | D:6      | Slain by a yak

Illustrated notes

Levels and vault maps discovered:
D:1:      dpeg_arrival_arbitrary_a, layout_basic, basic_ecumenical_altar
D:2:      layout_basic, basic_altar, serial_shops, nicolae_shop_statue_plus,
          uniq_robin, uniq_crazy_yiuf_cottage
D:3:      layout_basic, serial_bayou_pond_e, hangedman_abyss_or_decor_stabs
D:4:      layout_cave_pools, nicolae_kikubaaqudgha_miasma_corner,
          lemuel_temple_firewalk_b, grunt_ministairs_3
D:5:      layout_rooms, grunt_dithmenos_smoke, uniq_ijyb
D:6:      layout_rooms, mainiacjoe_overflow_boulevard

Skill      XL: |  1  2  3  4  5  6  7  8 |
---------------+-------------------------+-----
Fighting       | 4 5 |  5.4
Axes           | 3 4 |  4.5
Shields        | 4 |  4.8
Armour         | 4 5 6 |  6.7
Staves         | 2 4 5 |  5.3
Dodging        | 1 2 |  2.7
Stealth        | 1 |  1.9
Maces & Flails | 2 3 |  3.9
Unarmed Combat | 1 |  1.3
Short Blades   | |  0.3

Action                   |  1- 3 |  4- 6 |  7- 9 || total
-------------------------+-------+-------+-------++-------
Melee: War axe           |    65 |       |       ||    65
       Headbutt          |     7 |    15 |    13 ||    35
       Dagger            |    21 |       |       ||    21
       Quarterstaff      |       |   102 |     7 ||   109
       Mace              |       |       |    66 ||    66
       Unarmed           |       |       |     2 ||     2
  Use: Scroll            |       |     3 |    10 ||    13
       Potion            |       |     2 |     4 ||     6
 Stab: Petrifying        |       |     1 |       ||     1
       Confused          |       |       |     1 ||     1
Armor: Scale mail        |    43 |    51 |    13 ||   107
       Leather armour    |       |       |    31 ||    31
Dodge: Dodged            |    53 |    80 |    69 ||   202
Block: Buckler           |    24 |       |    24 ||    48
